[Event "LEM Niedersachsen-Meister 2025"]
[Site "Verden"]
[Date "2025.01.03"]
[Round "4.1"]
[White "Abel, Dennes"]
[Black "Bruns, Kai-Christian"]
[Result "1-0"]
[ECO "D11"]
[WhiteElo "2381"]
[BlackElo "2157"]
[Annotator "TA"]
[PlyCount "69"]
[EventDate "2024.12.27"]
[EventType "swiss"]
[EventCountry "GER"]
[SourceTitle "playchess.com"]
[Source "ChessBase"]
[SourceQuality "1"]
[TimeControl "40/5400+30:1800+30"]

1. d4 d5 2. Nf3 Nf6 3. g3 c6 4. Bg2 Bf5 5. c4 e6 6. Nc3 h6 7. Qb3 Qb6 8. c5 Qxb3 9. axb3 Be7 10. b4 O-O 11. h3 a6 12. g4 Bh7 13. Bf4 Nbd7 14. e3 Rfe8 15. Bh2 Rac8 16. Nd2 Bd8 17. f4 g5 18. O-O Kg7 19. Rf2 (19. e4 $14) 19... Bg6 (19... gxf4 $11 {remains equal.} 20. exf4 Re7) 20. f5 $16 exf5 21. gxf5 Bh7 22. e4 {[%emt 0:00:42] White is more active.} dxe4 23. Ndxe4 Nxe4 ({Black should play} 23... Be7 24. Nd2 Kg8) 24. Nxe4 {[%emt 0:00:29] Hoping for Nd6.} Bc7 {[%emt 0:01:21] [#]} (24... Be7 $16 {was worth a try.} 25. Rff1 h5) 25. Bxc7 $1 $18 Rxc7 26. f6+ ({Don't do} 26. Nd6 $6 Re7 $16) 26... Kg8 27. Nd6 Re3 28. d5 Ne5 (28... cxd5 $142 29. Bxd5 Bg6) 29. dxc6 Nxc6 (29... bxc6 $142 30. Rxa6 Bd3 31. Ra8+ Kh7) 30. b5 Nd4 31. c6 ({Weaker is} 31. Bxb7 Nxb5 32. Bxa6 Nd4 $18) 31... bxc6 32. bxa6 Ra7 33. Nc8 Ra8 {[%emt 0:00:11] [#]} 34. a7 $1 Rb3 (34... Be4 35. Nb6) 35. Ne7+ 1-0

[Event "LEM Niedersachsen-Meister 2025"]
[Site "Verden"]
[Date "2025.01.03"]
[Round "4.2"]
[White "Polster, Christian"]
[Black "von Mettenheim, Johannes"]
[Result "1-0"]
[ECO "D02"]
[WhiteElo "2252"]
[BlackElo "2333"]
[Annotator "TA"]
[PlyCount "81"]
[EventDate "2024.12.27"]
[EventType "swiss"]
[EventCountry "GER"]
[SourceTitle "playchess.com"]
[Source "ChessBase"]
[SourceQuality "1"]
[TimeControl "40/5400+30:1800+30"]

1. d4 Nf6 2. Bf4 d5 3. e3 c5 4. c3 Nc6 5. Nd2 e6 6. Ngf3 cxd4 7. exd4 Nh5 8. Be3 Bd6 {[%emt 0:00:07] [#]} 9. Ne5 $1 g6 (9... Nf6 10. f4) 10. Be2 Ng7 11. Nd3 f6 12. Bf4 e5 13. dxe5 fxe5 14. Bg3 h5 15. f3 h4 (15... Qe7 $17 {Threatens to win with ...Nf5.} 16. O-O Bf5) 16. Bf2 $15 Qg5 $2 (16... Qe7 $15 {stays ahead.} 17. O-O Bf5) 17. Qb3 $1 $16 Ne7 (17... d4 $16) 18. c4 $18 Be6 {[%emt 0:06:30] [#]} 19. cxd5 (19. f4 $1 $18 exf4 (19... Qxg2 20. Rg1 $16) 20. c5 (20. Nf3 Qf5 $16)) 19... Bxd5 $16 20. Ne4 (20. Qa4+ {simplifies} Bc6 21. Ne4 Bxa4 22. Nxg5 Ngf5 23. O-O) 20... Bxe4 $2 (20... Bxb3 $16 21. Nxg5 Be6) 21. fxe4 $18 Qxg2 $2 (21... Nh5 22. Qb5+ (22. Qxb7 Rb8 $16) 22... Kf7) 22. Qa4+ Kf7 23. Qc4+ (23. Rf1 Kg8 24. Qd7 (24. Bxa7 Kh7 $17) 24... Nc8 $18) 23... Kf8 {[%emt 0:04:54][%cal Bf7f8,Bf8e8,Be8e7][%mdl 32] [#]} 24. Rf1 $1 b5 25. Qb3 Qxe4 26. Bc5+ (26. Bxh4+ $2 Ngf5 27. Bxe7+ Kxe7 $19) 26... Ngf5 27. Bxd6 Ke8 28. Bxe7 (28. Rxf5 $142 {White threatens Qf7+ and mate.} gxf5 29. Qe6 (29. Bxe5 Rg8 $14) (29. Nxe5 Rh7 $18) (29. Qxb5+ Kf7 $18)) 28... Kxe7 29. Qb4+ ({Weaker is} 29. Qxb5 Qxe2+ 30. Kxe2 Nd4+ 31. Kd2 Nxb5 $16) (29. Qa3+ $142 b4 30. Qa6 (30. Qxb4+ Qxb4+ 31. Nxb4 Rac8 $18) (30. Nxb4 Kf7 $18)) 29... Qxb4+ 30. Nxb4 Nd4 31. Rc1 Rac8 32. Kd2 Rxc1 33. Rxc1 Kd6 (33... Rd8 {keeps fighting.}) 34. Nc2 {[%emt 0:00:48] and Nxd4 would now be decisive} Ne6 35. Bxb5 Rb8 36. Bc4 Ng5 37. b3 e4 38. Nd4 Rf8 39. Rg1 Nh3 (39... Nf3+ $142 40. Nxf3 Rxf3 41. Rxg6+ Ke5 42. Rg5+ Kf4) 40. Rxg6+ Ke5 41. Ke3 1-0

[Event "LEM Niedersachsen-Meister 2025"]
[Site "Verden"]
[Date "2025.01.03"]
[Round "4.3"]
[White "Voege, Tobias"]
[Black "Nechitaylo, Nikita"]
[Result "1/2-1/2"]
[ECO "D36"]
[WhiteElo "2292"]
[BlackElo "2239"]
[Annotator "TA"]
[PlyCount "51"]
[EventDate "2024.12.27"]
[EventType "swiss"]
[EventCountry "GER"]
[SourceTitle "playchess.com"]
[Source "ChessBase"]
[SourceQuality "1"]
[TimeControl "40/5400+30:1800+30"]

1. d4 Nf6 2. c4 e6 3. Nf3 Bb4+ 4. Bd2 Be7 5. Nc3 d5 6. cxd5 exd5 7. Qc2 c6 8. Bg5 g6 9. e3 Bf5 10. Bd3 Bxd3 11. Qxd3 O-O 12. O-O-O {[%emt 0:11:55] [#]} Ne4 $1 13. Bxe7 Qxe7 14. Rhf1 {[%emt 1:06:56] Black is slightly better.} a5 15. Nd2 Nxd2 16. Rxd2 b5 17. f3 Nd7 18. e4 b4 19. Na4 Rfe8 (19... dxe4 $17 20. fxe4 c5) 20. e5 $11 c5 21. Nxc5 Rac8 22. f4 Nxc5 23. dxc5 Rxc5+ 24. Rc2 Rec8 25. Rxc5 Qxc5+ (25... Rxc5+ $2 26. Kb1 $19) 26. Kb1 {[%emt 0:00:00] Weighted Error Value: White=0.10 (very precise) /Black=0.11 (very precise) .  Mistake:       	---       	Black=1      Inaccurate:     	White=2     	Black=1      OK:         	White=4     	Black=5      Best:        	White=2     	---} 1/2-1/2

[Event "LEM Niedersachsen-Meister 2025"]
[Site "Verden"]
[Date "2025.01.03"]
[Round "4.4"]
[White "Knuedel, Torben"]
[Black "Stelmaszyk, Nico"]
[Result "1-0"]
[ECO "B33"]
[WhiteElo "2308"]
[BlackElo "2403"]
[Annotator "TA"]
[PlyCount "81"]
[EventDate "2024.12.27"]
[EventType "swiss"]
[EventCountry "GER"]
[SourceTitle "playchess.com"]
[Source "ChessBase"]
[SourceQuality "1"]
[TimeControl "40/5400+30:1800+30"]

1. e4 c5 2. Nf3 Nc6 3. Nc3 Nf6 4. d4 cxd4 5. Nxd4 e5 6. Ndb5 d6 7. a4 a6 8. Na3 Be7 9. Bg5 O-O 10. Bxf6 Bxf6 11. Nd5 Be6 12. Bc4 Bg5 13. O-O Kh8 14. c3 f5 {[%emt 0:04:38] [#]} (14... g6 $11) 15. Nb6 $1 $16 Qxb6 16. Bxe6 fxe4 {[%emt 0:17:53] White is better.} 17. Nc4 (17. Qxd6 $2 {perishes.} Rad8 (17... Qxb2 18. Qc5 $17) 18. Nc4 Rxd6 $19) 17... Qd8 18. Qxd6 Rf6 19. Qxd8+ Rxd8 20. Bg4 b5 21. axb5 axb5 22. Ne3 $36 {[%emt 0:02:11][%mdl 2048] White is pushing.} h5 23. Bxh5 Rd2 24. Ng4 Rfd6 25. Be8 Nd8 26. Rae1 e3 27. fxe3 Rxb2 28. Nxe5 ({White should play} 28. Rb1 $18 Rxb1 29. Rxb1) 28... Bf6 29. Ng6+ Kg8 30. Rd1 Nb7 (30... Rxd1 $16 {keeps fighting.} 31. Rxd1 Ne6) 31. e4 $18 {[%emt 0:06:07] [#] Threatens to win with e5.} Rxd1 32. Rxd1 {[%emt 0:00:05] Rd5 is the strong threat.} Bxc3 33. h4 b4 $2 (33... Nc5 $16 {is tougher.}) 34. Rd7 Nc5 (34... Nd6 $18) 35. Bf7+ Kh7 36. Rd8 Rb1+ 37. Kh2 Be5+ 38. Nxe5 (38. g3 $142 Bxg3+ 39. Kg2 (39. Kxg3 Rg1+ 40. Kf4 Rxg6 $18) 39... Rb2+ 40. Kh3 (40. Kxg3 Nxe4+ 41. Kg4 Rg2+ 42. Kf5 Rf2+ 43. Nf4 g5 $18) 40... Rh2+ 41. Kxg3 Rh3+ 42. Kxh3 Nxe4 43. Rh8#) 38... g5 39. hxg5 {[%emt 0:00:22][%cal Bh4g5,Bg5g6][%mdl 32] White mates.} b3 40. g6+ Kg7 41. Ng4 {[%emt 0:30:14] Weighted Error Value: White=0.09 (flawless) /Black=0.79.  Loses game:     	---       	Black=2      Mistake:       	White=1     	Black=3      Inaccurate:     	White=1     	Black=1      OK:         	White=11    	Black=6      Best:        	White=2     	Black=3} 1-0

[Event "LEM Niedersachsen-Meister 2025"]
[Site "Verden"]
[Date "2025.01.03"]
[Round "4.5"]
[White "Giorgadze, Giorgi Gel"]
[Black "Hampel, Felix"]
[Result "0-1"]
[ECO "B48"]
[WhiteElo "2569"]
[BlackElo "2343"]
[Annotator "TA"]
[PlyCount "77"]
[EventDate "2024.12.27"]
[EventType "swiss"]
[EventCountry "GER"]
[SourceTitle "playchess.com"]
[Source "ChessBase"]
[SourceQuality "1"]
[TimeControl "40/5400+30:1800+30"]

1. e4 c5 2. Nf3 e6 3. d4 cxd4 4. Nxd4 Nc6 5. Nc3 Qc7 6. Be3 a6 7. g4 h6 8. Qd2 Nf6 9. f3 b5 10. Nxc6 Qxc6 11. O-O-O Bb7 12. Bd3 Bc5 13. h4 b4 14. Ne2 Qb6 15. Bxc5 Qxc5 16. g5 Nh5 17. Kb1 Bc6 18. Rdg1 a5 19. Nf4 Nxf4 20. Qxf4 e5 (20... h5 $11) 21. Qf5 $14 h5 22. f4 (22. b3 $1 $14) 22... d6 $1 $11 23. g6 f6 $1 24. Qe6+ Kd8 25. Rd1 (25. fxe5 $11 {was the only way to keep the balance.} dxe5 26. Ka1) 25... Re8 26. Qf5 exf4 (26... a4 $142 $1 {[%cal Ra4a3] aiming for ...a3.} 27. Qxh5 a3) 27. Qxf4 a4 28. Rhe1 Re5 (28... Kc7 {with more complications.} 29. Qe3 a3 30. b3 Qc3) 29. Re2 Kc7 30. Rde1 (30. Qd2 $17) 30... Rae8 31. Qc1 (31. Qd2 $17) 31... a3 $19 32. b3 Qd4 {[%emt 0:01:23][%cal Rc6e4] White is weak on the dark squares} 33. Rd1 Qc3 ({Stronger than} 33... Bxe4 34. Bxe4 Qc3 35. Rde1 $11) 34. Rde1 (34. Re3 $142 Qc5 (34... Bxe4 35. Bxe4 Qc5 36. Red3 $17) 35. Rh3) 34... d5 35. exd5 $2 (35. Re3 Qc5 (35... dxe4 36. Bc4 $17) 36. Rf1) 35... Bxd5 36. Rxe5 {[%emt 0:00:37] [#]} Re7 $4 {[%emt 0:05:37][%mdl 8192] [#]} 37. Re6 $4 Rxe6 {[%emt 0:00:00] Active counter play!} 38. Re5 Rxe5 39. Be2 0-1

[Event "LEM Niedersachsen-Meister 2025"]
[Site "Verden"]
[Date "2025.01.03"]
[Round "4.6"]
[White "Pubantz, Jan"]
[Black "Bargsten, Justus"]
[Result "1/2-1/2"]
[ECO "E08"]
[WhiteElo "2339"]
[BlackElo "2228"]
[Annotator "TA"]
[PlyCount "45"]
[EventDate "2024.12.27"]
[EventType "swiss"]
[EventCountry "GER"]
[SourceTitle "playchess.com"]
[Source "ChessBase"]
[SourceQuality "1"]
[TimeControl "40/5400+30:1800+30"]

1. d4 d5 2. c4 e6 3. g3 Nf6 4. Nf3 Bb4+ 5. Bd2 Be7 6. Bg2 O-O 7. O-O c6 8. Qc2 Nbd7 9. Bf4 a5 10. Rd1 a4 11. Ne5 Qa5 12. Nc3 {[%emt 0:04:40] White has an edge.} Nxe5 {[%emt 0:00:08] The position is equal.} 13. dxe5 Nd7 14. cxd5 exd5 15. e4 dxe4 16. Bxe4 g6 (16... h6 {simplifies} 17. Bd2 Qc5 18. Nxa4 Qxc2 19. Bxc2 b5) 17. Bh6 Nxe5 18. Nd5 Re8 (18... cxd5 19. Rxd5 Qb6 20. Bxf8 (20. Rxe5 Bf6 $17) 20... Kxf8 21. Rxe5 $14) 19. Nxe7+ Rxe7 20. Qxa4 $1 Re8 ({Don't blunder} 20... Nf3+ $2 21. Bxf3 Re8 22. Qd4 $18) 21. Qxa5 Rxa5 22. Re1 Be6 23. a3 {[%emt 0:03:16] A rather calm draw.   Weighted Error Value: White=0.06 (flawless) /Black=0.03 (flawless) .  OK:         	White=6     	Black=7      Strong:       	White=1     	---} 1/2-1/2

[Event "LEM Niedersachsen-Meister 2025"]
[Site "Verden"]
[Date "2025.01.03"]
[Round "4.7"]
[White "Plischki, Sebastian"]
[Black "Mueer, Sebastian"]
[Result "0-1"]
[ECO "E42"]
[WhiteElo "2323"]
[BlackElo "2175"]
[Annotator "TA"]
[PlyCount "44"]
[EventDate "2024.12.27"]
[EventType "swiss"]
[EventCountry "GER"]
[SourceTitle "playchess.com"]
[Source "ChessBase"]
[SourceQuality "1"]
[TimeControl "40/5400+30:1800+30"]

1. d4 Nf6 2. c4 e6 3. Nc3 Bb4 4. e3 c5 5. Nge2 d5 6. a3 Ba5 7. dxc5 dxc4 8. Bd2 Nbd7 9. Nf4 Nxc5 {[%emt 0:03:09][%cal Ob7b5] White must now prevent ...b5! The position is equal.} 10. Bxc4 {[%emt 0:00:17] aiming for b4.} Bc7 11. O-O O-O 12. Qc2 b6 13. b4 Ncd7 14. Rfd1 Bb7 15. Nb5 Bb8 16. Bc3 Qe7 {[%emt 0:01:12] Threatens to win with ...e5.} 17. Qb2 $2 {[%emt 0:05:48] Loses the game.} (17. Bb2 $11 {and White stays safe.}) 17... e5 $1 $19 18. Nd5 Nxd5 19. Bxd5 Bxd5 20. Rxd5 {[%emt 0:00:04] [#]} a6 $1 21. Nd6 {[%emt 0:17:24] [#]} (21. Qe2 $142 Nf6 (21... axb5 $2 22. Qxb5 Nf6 23. Rdd1 $19) 22. Rdd1 axb5 23. Qxb5) 21... Nf6 $1 ({Worse is} 21... Bxd6 22. Rad1 $11) 22. Nf5 Qe6 {[%emt 0:00:43] Weighted Error Value: White=0.36/Black=0.01 (flawless) .  Loses game:     	White=1     	---        Mistake:       	White=1     	---        OK:         	White=5     	Black=7      Best:        	White=1     	Black=1      Strong:       	---       	Black=3} 0-1

[Event "LEM Niedersachsen-Meister 2025"]
[Site "Verden"]
[Date "2025.01.03"]
[Round "4.8"]
[White "Drygala, Lars"]
[Black "Hoeffer, David"]
[Result "0-1"]
[ECO "A47"]
[WhiteElo "2067"]
[BlackElo "2322"]
[Annotator "TA"]
[PlyCount "68"]
[EventDate "2024.12.27"]
[EventType "swiss"]
[EventCountry "GER"]
[SourceTitle "playchess.com"]
[Source "ChessBase"]
[SourceQuality "1"]
[TimeControl "40/5400+30:1800+30"]

1. d4 Nf6 2. Nf3 e6 3. Bf4 c5 4. c3 b6 5. e3 Bb7 6. Nbd2 Be7 7. Bd3 d6 8. h3 O-O 9. O-O Nc6 10. Qe2 Qc7 11. Bh2 e5 12. dxe5 dxe5 13. Nc4 Nd7 14. Bf5 Rad8 15. Bxd7 (15. Rfd1 $16) 15... Qxd7 $11 16. Ncxe5 Nxe5 17. Nxe5 Qd5 18. Nf3 Qe6 19. Rfd1 Rxd1+ 20. Qxd1 Rd8 21. Qe2 Qd5 22. Bg3 h6 23. Qc2 (23. c4 $14 Qe4 24. a4) 23... Bf6 24. Qa4 a6 25. Qf4 b5 26. Bh4 Bxh4 27. Qxh4 Rd6 28. Kh2 {[%emt 0:06:26] White is weak on the light squares} Rg6 {[%emt 0:01:03][%cal Og6g2][%mdl 1024] Black has compensation.} 29. Qf4 Kh7 30. b3 Rf6 31. Qg3 Qd3 {[%emt 0:04:54][%cal Ob7f3] Threatens to win with ...Bxf3!.} 32. Re1 $2 (32. Ne5 $1 $11 Qd2 33. f3) 32... Qxc3 33. Re2 $2 (33. e4 Rxf3 34. Qxf3 Qxe1 35. Qf5+ Kg8 36. f3) 33... Bxf3 $19 34. gxf3 Rg6 0-1

[Event "LEM Niedersachsen-Meister 2025"]
[Site "Verden"]
[Date "2025.01.03"]
[Round "4.9"]
[White "Meiwes, Thore"]
[Black "Riemay, David"]
[Result "0-1"]
[ECO "B06"]
[WhiteElo "2120"]
[BlackElo "2243"]
[Annotator "RC"]
[PlyCount "84"]
[EventDate "2024.12.27"]
[EventType "swiss"]
[EventCountry "GER"]
[SourceTitle "playchess.com"]
[Source "ChessBase"]
[SourceQuality "1"]
[TimeControl "40/5400+30:1800+30"]

1. d4 d6 2. e4 Nf6 3. Nc3 g6 4. Be3 a6 5. Qd2 b5 6. f3 Nbd7 7. h4 h5 8. Nh3 Bb7 9. Ng5 Bg7 10. O-O-O e5 11. Kb1 O-O 12. dxe5 Nxe5 13. g4 Nxf3 14. Nxf3 Nxe4 15. Nxe4 Bxe4 16. Be2 hxg4 17. Ng5 Bxh1 18. Rxh1 Qf6 19. c3 Rae8 20. Bd4 Qf5+ 21. Bd3 Qd5 22. Rd1 Bxd4 23. cxd4 Qxd4 24. h5 Qe3 25. hxg6 Qxd2 26. gxf7+ Rxf7 27. Rxd2 Rf4 28. Rg2 Re3 29. Kc2 d5 30. Kd2 d4 31. Be2 g3 32. Nh3 Rh4 33. Ng1 Rh2 34. Bf1 c5 35. Ne2 Kf7 36. Rxh2 gxh2 37. Bg2 Kf6 38. b3 Ke5 39. Bb7 c4 40. bxc4 bxc4 41. Nc1 Rg3 42. Ne2 Rg1 0-1

[Event "LEM Niedersachsen-Meister 2025"]
[Site "Verden"]
[Date "2025.01.03"]
[Round "4.10"]
[White "ter Stal, Lars"]
[Black "Lammers, Markus"]
[Result "0-1"]
[ECO "B00"]
[WhiteElo "1815"]
[BlackElo "2304"]
[Annotator "TA"]
[PlyCount "76"]
[EventDate "2024.12.27"]
[EventType "swiss"]
[EventCountry "GER"]
[SourceTitle "playchess.com"]
[Source "ChessBase"]
[SourceQuality "1"]
[TimeControl "40/5400+30:1800+30"]

1. e4 Nc6 2. Nf3 f5 3. exf5 d5 4. d4 Bxf5 5. Bb5 e6 6. Ne5 Nge7 7. Bg5 Qd6 8. c3 {[%emt 0:00:57] Hoping for Qb3. Wards off Qb4} a6 {[%emt 0:00:49] [#]} 9. Qa4 (9. Bxe7 $1 $16 Bxe7 10. Bxc6+ bxc6 11. O-O) 9... Rc8 (9... Rb8 $11 10. Bxc6+ Nxc6) 10. Be2 Rb8 11. Bxe7 (11. f4 $14 {keeps the upper hand.}) 11... Bxe7 $17 12. Nxc6 Qxc6 (12... bxc6 $17 13. b4 a5) 13. Qxc6+ bxc6 14. b3 $1 a5 15. O-O c5 16. Nd2 O-O 17. Nf3 Bf6 18. Ne5 (18. Rfc1 $11 {keeps the balance.}) 18... Bxe5 19. dxe5 {[%emt 0:00:52] [#]} a4 $1 20. bxa4 c4 (20... Ra8 $17 21. c4 (21. Bb5 c4 $17) 21... Rxa4 22. cxd5 exd5) 21. g4 (21. f4 $15 {feels stronger.}) 21... Bg6 {[%emt 0:01:12][%mdl 1024] Black has strong compensation.} 22. f4 Rb2 23. Rf2 Be4 {[%emt 0:08:52] ...Rc2 would now be deadly. Black has more active pieces.} 24. a5 $2 ({White should play} 24. Raf1 $15) 24... Rc2 $19 25. f5 Rxc3 26. a4 exf5 27. gxf5 Re3 (27... Rxf5 28. Rxf5 Bxf5 29. a6 $18) (27... Bxf5 28. a6 $15) 28. a6 c3 (28... Bxf5 29. a7 g6 (29... Rxe5 $2 30. Rb1 $18) 30. Bg4 Rxe5 (30... Bxg4 $2 31. Rxf8+ Kxf8 32. a8=Q+ $18) 31. Rb1 $11) (28... Rxf5 $2 29. Rxf5 Rxe2 30. e6 Bxf5 31. a7 $18) 29. a7 $2 (29. Bf1 {keeps fighting.}) 29... Ra8 (29... Rxf5 30. a8=Q+ (30. a8=R+ Kf7 $18) 30... Kf7 31. Rxf5+ Bxf5 32. Qxd5+ Kg6 33. Qc6+ (33. Kf2 Rxe2+ 34. Kxe2 h5 $18) 33... Kg5 34. Qg2+ Kf4 35. Rf1+ Kxe5 36. Qxg7+ Ke6 37. Qh6+ Ke7 38. Qxe3+) (29... Bxf5 $2 30. Rxf5 Re8 31. Bb5 $18) 30. e6 Kf8 (30... Rxa7 31. Bf1 $19) 31. Bb5 Ke7 32. Raf1 Kf6 33. Re2 Rxe2 34. Bxe2 Rxa7 35. Bb5 c5 (35... Bxf5 36. e7 Kxe7 37. Rxf5 $11) 36. Kf2 Bxf5 ({Less strong is} 36... Kxf5 37. Bd7 Ke5 (37... Kf6 38. Ke1+ Ke7 39. Rf7+ Kd6 40. Bc6 $14) 38. e7 $17) 37. Bd3 Bxd3 38. Ke3+ Ke5 (38... Bxf1 $142 39. h3 Kxe6 (39... Rxa4 {gets mated.} 40. h4 Re4+ 41. Kf3 c2 42. e7 Kxe7 43. h5 c1=Q 44. Kf2 Qd2+ 45. Kxf1 Re1#) 40. Kf4 c2 (40... Rxa4+ 41. Ke3 Kf5 42. Kf3 c2 43. Kg3 c1=Q 44. Kf2 Ra2+ 45. Kg3 Qf4#) 41. h4 c1=Q+ 42. Kf3 Rf7+ (42... Rxa4 $2 43. Kf2 Qd2+ 44. Kxf1 Ra1#) 43. Kg4 Qf4+ 44. Kh5 g6#) 0-1

[Event "LEM Niedersachsen-Meister 2025"]
[Site "Verden"]
[Date "2025.01.03"]
[Round "4.11"]
[White "Kieselbach, Jannik"]
[Black "Lichtmannecker, Daniel"]
[Result "0-1"]
[ECO "B19"]
[WhiteElo "1979"]
[BlackElo "2171"]
[Annotator "TA"]
[PlyCount "58"]
[EventDate "2024.12.27"]
[EventType "swiss"]
[EventCountry "GER"]
[SourceTitle "playchess.com"]
[Source "ChessBase"]
[SourceQuality "1"]
[TimeControl "40/5400+30:1800+30"]

1. e4 c6 2. d4 d5 3. Nd2 dxe4 4. Nxe4 Bf5 5. Ng3 Bg6 6. Nf3 Nd7 7. h4 h6 8. h5 Bh7 9. Bd3 Bxd3 10. Qxd3 e6 11. Bd2 Ngf6 12. O-O-O Be7 13. Kb1 O-O 14. Ne4 c5 15. Nxf6+ Nxf6 16. Be3 Rc8 17. Qe2 c4 18. c3 b5 19. Nd2 (19. Ne5 $15) 19... Nd5 20. Rc1 b4 21. Ne4 Qa5 {[%emt 0:08:30] And now ...b3 would win.} 22. Bd2 $2 {[%emt 0:09:27] [#]} (22. Rh3) 22... b3 $1 $19 23. a3 {[%emt 0:00:57] [#]} Bxa3 $1 24. bxa3 Qxa3 25. Be3 b2 {[%emt 0:00:49] ( -> ...Nxe3)} 26. Rcd1 f5 (26... Nxc3+ 27. Nxc3 Qxc3 28. Rd2 $14) 27. Bd2 fxe4 28. Qxe4 Rc6 29. Rh3 Qa1+ 0-1

[Event "LEM Niedersachsen-Meister 2025"]
[Site "Verden"]
[Date "2025.01.03"]
[Round "4.12"]
[White "Peters, Tom"]
[Black "Sreyas Payyappat"]
[Result "1-0"]
[ECO "B12"]
[WhiteElo "2166"]
[BlackElo "2115"]
[Annotator "TA"]
[PlyCount "53"]
[EventDate "2024.12.27"]
[EventType "swiss"]
[EventCountry "GER"]
[SourceTitle "playchess.com"]
[Source "ChessBase"]
[SourceQuality "1"]
[TimeControl "40/5400+30:1800+30"]

1. e4 c6 2. d4 d5 3. f3 Qb6 4. Nc3 dxe4 5. fxe4 e5 $1 6. Nf3 exd4 7. Nxd4 Bc5 8. Na4 {[%emt 0:01:45] The position is equal.} Qa5+ 9. c3 Bd6 10. Nf3 Qc7 11. Qd4 Bf8 12. Bg5 Be6 ({Better is} 12... h6 13. Bh4 Nf6) 13. Nc5 $16 {[%emt 0:04:54] White is much more active.} Bxc5 14. Qxg7 $40 {[%emt 0:03:36][%mdl 128] White goes for the king.} (14. Qxc5 $6 Nd7 15. Qd4 Ngf6 $11) 14... Qb6 $2 15. O-O-O $18 (15. Qxh8 f6 16. O-O-O (16. Bxf6 $2 Qxb2 17. c4 Bb4+ 18. Kd1 Qxf6 $19) 16... Nd7 $18) 15... Nd7 (15... Be3+ 16. Kb1 Nd7 (16... Bxg5 $2 17. Nxg5 Qe3 18. Nxe6 $18) 17. Qxh8 $18) 16. Qxh8 f6 {[%emt 0:00:15] [#]} 17. Rxd7 $1 Kxd7 18. Bxf6 (18. Qxh7+ $18 Ke8 19. Bd2) 18... Be3+ $2 (18... Nxf6 $16 {is tougher.} 19. Ne5+ (19. Qxa8 Bxa2 20. g3 Be3+ 21. Kc2 Qb3+ 22. Kd3 Bh6 $19) (19. Qxf6 Re8 $16) 19... Kc7 20. Qxf6 (20. Qxa8 $2 Bxa2 21. Bc4 Ba3 $19) 20... Rd8) 19. Kb1 Qa5 {[%emt 0:00:46] [#]} (19... Nxf6 $142 20. Qg7+ (20. Qxa8 Nxe4 21. Qh8 Nf2 $18) (20. Qxf6 Re8 $18) 20... Kc8) 20. Bc4 $1 Bxc4 21. Ne5+ (21. Qxh7+ Ke6 22. Nd4+ Bxd4 23. Bxd4 Qxa2+ 24. Kc1 b6 (24... Qa1+ $2 25. Kc2 $19) 25. Qf5+ Ke7 26. Qe5+ Kf8 (26... Kd7 27. Bxb6 Qa1+ 28. Kc2 $15) 27. Qd6+ Kf7 $19) 21... Ke6 22. Nxc4 Qc5 23. Na3 Rf8 $2 (23... Qh5 24. Bd4 Bxd4 25. Qxd4 Qe5) 24. Bg7 {[%emt 0:03:07] White is clearly winning.} Rd8 25. Qxh7 Ne7 26. Rf1 Rd2 27. Qh3+ {[%emt 0:00:00] Weighted Error Value: White=0.75/Black=0.70.  Loses game:     	---       	Black=2      Mistake:       	White=1     	Black=2      Inaccurate:     	White=1     	Black=1      OK:         	White=6     	Black=8      Best:        	White=3     	Black=1} 1-0

[Event "LEM Niedersachsen-Meister 2025"]
[Site "Verden"]
[Date "2025.01.03"]
[Round "4.13"]
[White "Schiller, Jan-Hendrik"]
[Black "de Vries, Carsten"]
[Result "1-0"]
[ECO "E04"]
[WhiteElo "1952"]
[BlackElo "1898"]
[Annotator "NA RC"]
[PlyCount "116"]
[EventDate "2024.12.27"]
[EventType "swiss"]
[EventCountry "GER"]
[SourceTitle "playchess.com"]
[Source "ChessBase"]
[SourceQuality "1"]
[TimeControl "40/5400+30:1800+30"]

1. Nf3 d5 2. g3 c5 3. Bg2 Nc6 4. d4 Nf6 5. O-O e6 6. c4 dxc4 7. dxc5 Qxd1 8. Rxd1 Bxc5 9. Nbd2 c3 10. bxc3 O-O 11. Ne1 Bd7 12. Nd3 Be7 13. Nb3 b6 14. Bb2 Rac8 15. c4 Rfd8 16. a4 Be8 17. Rdc1 Nb4 18. Ne5 a5 19. Nd4 Bc5 20. Nb3 Be7 21. Bd4 Rb8 22. c5 bxc5 23. Bxc5 Bxc5 24. Rxc5 Nfd5 25. Nxa5 Rdc8 26. Nb3 Nc2 27. Rc1 Rxc5 28. Nxc5 Rb2 29. Ned3 Ra2 30. Rb1 Kf8 31. Rb2 Rxb2 32. Nxb2 Ke7 33. e3 Kd6 34. Ne4+ Kc7 35. Bf1 Ncb4 36. Bb5 Bxb5 37. axb5 h6 38. Nc4 g5 39. Nc5 Na2 40. Na6+ Kb7 41. Nc5+ Kc7 42. e4 Nb6 43. Na6+ Kb7 44. Nd6+ Ka7 45. Nxf7 Nc3 46. Nc5 Nc4 47. Nxe6 Nxe4 48. Nxh6 Ne5 49. Nd4 Kb6 50. f3 Nd2 51. Kf2 Ndc4 52. Ne6 Kxb5 53. Nxg5 Kc5 54. f4 Nd7 55. Nf5 Nf6 56. Ne3 Nd6 57. Kf3 Nde8 58. Ne4+ Kd4 1-0

[Event "LEM Niedersachsen-Meister 2025"]
[Site "Verden"]
[Date "2025.01.03"]
[Round "4.14"]
[White "Wilmink, Anna"]
[Black "Garbuszus, Juergen"]
[Result "0-1"]
[ECO "B20"]
[WhiteElo "2033"]
[BlackElo "2068"]
[Annotator "NA RC"]
[PlyCount "94"]
[EventDate "2024.12.27"]
[EventType "swiss"]
[EventCountry "GER"]
[SourceTitle "playchess.com"]
[Source "ChessBase"]
[SourceQuality "1"]
[TimeControl "40/5400+30:1800+30"]

1. e4 c5 2. b3 Nc6 3. Bb2 d6 4. Bb5 Bd7 5. Nc3 a6 6. Bxc6 Bxc6 7. d3 e6 8. Qe2 f6 9. f4 Nh6 10. Nf3 Be7 11. O-O O-O 12. Kh1 b5 13. d4 b4 14. Nd1 Bb5 15. Qe1 Bxf1 16. Qxf1 d5 17. Nf2 Qb6 18. Re1 Rfe8 19. c4 bxc3 20. Bxc3 Qb5 21. Nd3 c4 22. Nc1 cxb3 23. Qxb5 axb5 24. axb3 Rec8 25. Bd2 dxe4 26. Rxe4 Ra1 27. Re1 Kf7 28. h3 Rc2 29. Kh2 Bd6 30. Nd3 Raa2 31. Rd1 g5 32. Kh1 gxf4 33. Bxf4 Bxf4 34. Nxf4 Nf5 35. Re1 Ng3+ 36. Kh2 Ne2 37. Nd3 Rd2 38. Nxd2 Rxd2 39. Nc5 Nxd4 40. Ra1 Rc2 41. b4 f5 42. Ra7+ Kg6 43. Rd7 e5 44. Kh1 f4 45. Re7 f3 46. gxf3 Nxf3 47. Nd3 Rh2# 0-1